 Dungeon Crawl Stone Soup version 0.23.2-33-g5129a83184 (webtiles) character file.

Game seed: 13658524118220644463

11744 Folque the Destroyer (level 11, -4/82 HPs)
             Began as a Demigod Conjurer on July 11, 2019.
             Killed from afar by a deep elf mage (26 damage)
             ... with a bolt of cold
             ... on level 11 of the Dungeon.
             The game lasted 00:41:23 (12969 turns).

Folque the Destroyer (Demigod Conjurer)            Turns: 12969, Time: 00:41:23

Health: -4/82      AC: 10    Str: 13    XL:     11   Next: 28%
Magic:  0/19       EV: 14    Int: 23    God:
Gold:   481        SH:  2    Dex: 16    Spells: 1/16 levels left

rFire    . . .     SeeInvis .   S - +3 great sword (freeze)
rCold    . . .     Gourm    .   (shield currently unavailable)
rNeg     . . .     Faith    .   H - +1 ring mail
rPois    .         Spirit   .   C - +2 helmet
rElec    .         Reflect  +   (no cloak)
rCorr    .         Harm     .   (no gloves)
MR       +....                  (no boots)
Stlth    +.........             I - +2 amulet of reflection
HPRegen  0.23/turn              (no ring)
MPRegen  0.16/turn              (no ring)

@: marked
A: high mp 1
a: no special abilities


You were on level 11 of the Dungeon.
You were hungry.

You visited 2 branches of the dungeon, and saw 12 of its levels.

You collected 481 gold pieces.

Inventory:

Hand Weapons
 r - a +0 dagger
 s - a +0 short sword
 v - a +0 blowgun
 w - a +2 dagger of venom
 y - a +0 rapier
 B - a +6 club
 F - a +3 dagger of holy wrath
 K - a +0 dagger of venom
 L - a +0 quarterstaff
 S - a +3 great sword of freezing (weapon)
Missiles
 O - 3 throwing nets (quivered)
 R - 73 poisoned needles
Armour
 a - a +0 robe
 g - a +0 buckler
 o - a +0 ring mail
 C - a +2 helmet (worn)
 H - a +1 ring mail (worn)
Magical Staves
 Q - an uncursed staff of wizardry {unknown}
Jewellery
 n - a +5 ring of intelligence {unknown}
 u - an uncursed ring of poison resistance {unknown}
 E - an uncursed ring of protection from fire {unknown}
 I - a +2 amulet of reflection (around neck)
 U - a +3 ring of strength {unknown}
Wands
 e - a wand of clouds (6)
 A - a wand of random effects (36)
 P - a wand of enslavement (17)
Scrolls
 d - a scroll of blinking
 f - 3 scrolls of teleportation
 j - 2 scrolls of amnesia
 k - 5 scrolls of remove curse
 q - a scroll of immolation
 x - 2 scrolls of enchant armour
 N - a scroll of random uselessness
 T - a scroll of fog {unknown}
Potions
 b - a potion of cancellation {unknown}
 h - a potion of invisibility {unknown}
 i - 2 potions of degeneration
 l - 2 potions of lignification {unknown}
 m - a potion of agility
 t - a potion of resistance
 z - 4 potions of flight
 D - a potion of brilliance
 J - a potion of mutation {unknown}
 M - a potion of magic {unknown}
Miscellaneous
 p - a crystal ball of energy
Comestibles
 c - 11 rations


   Skills:
 + Level 3.2 Fighting
 - Level 6.1 Armour
 + Level 5.8 Dodging
 - Level 1.7 Stealth
 - Level 3.0 Spellcasting
 - Level 11.1 Conjurations
 - Level 7.0 Hexes
 - Level 2.6 Translocations
 + Level 1.9 Fire Magic
 * Level 4.3 Evocations


You had one spell level left.
You knew the following spells:

 Your Spells              Type           Power        Failure   Level  Hunger
a - Magic Dart            Conj           ####         1%          1    None
b - Searing Ray           Conj           ######       1%          2    ##.....
c - Dazzling Spray        Conj/Hex       #####.       1%          3    ###....
d - Fulminant Prism       Conj/Hex       #####.....   5%          4    ####...
e - Blink                 Tloc           N/A          11%         2    ##.....
f - Conjure Flame         Conj/Fire      ####....     4%          3    ###....

Your spell library contained the following spells:

 Spells                   Type           Power        Failure   Level  Hunger
 Slow                     Hex            #####...     1%          2    ##.....
 Iskenderun's Mystic Bla  Conj           ######..     2%          4    ####...
 Force Lance              Conj/Tloc      #####...     13%         4    ####...
 Mephitic Cloud           Conj/Pois/Air  ###.....     14%         3    ###....
 Call Imp                 Summ           #.......     32%         2    ##.....


Dungeon Overview and Level Annotations

Branches:
Dungeon (11/15)            Temple (1/1) D:5
   Lair: D:8-11         Orc: D:9-12

Shops:
D:4 (

Portals:
Trove: D:11 (give 14 potions of curing)


Innate Abilities, Weirdness & Mutations

You have an increased reservoir of magic. (+10% MP)


Message History

Reactivating autopickup.
You feel a bit more experienced.
The searing ray hits the ice beast!
The ice beast is moderately wounded.
The ice beast closely misses you.
An orc comes into view. It is wielding a +0 flail.
The orc wizard mumbles some strange words.
The orc wizard seems to speed up.
An adder comes into view.
The searing ray hits the ice beast!
The ice beast is severely wounded.
The searing ray misses the deep elf mage.
You finish channeling your searing ray.
The ice beast closely misses you.
Evoke which item? (* to show all) (? for menu, Esc to quit)
You gaze into the crystal ball.
You feel your power drain away! The ice beast barely misses you.
The deep elf mage casts a spell at you.
The bolt of cold hits the ice beast.
The ice beast completely resists.
The bolt of cold hits you!!
You die...

#..#.....#..# .#.#
...........## ...
#...........# )) ##
.#....#....# #)#.#### #
.##...#....# #).....#..
####(...# #. ##o.......
#....∩.####.. #....o....
.#......##...#####........
###########...#.@Ye..S....
.### #..##..##........
)..## ## #...##.#.......
.(..####.###...# # ###....
).####.#...#...## ....
.))..#.#........## ...
#..............#.# ..
#..............###
..#............#


You could see a deep elf mage, an ice beast, an adder and an orc.

Vanquished Creatures
  A queen ant (D:8)
  An unseen horror (D:11)
  An ugly thing (D:10)
  A manticore (D:11)
  A gargoyle (D:10)
  A komodo dragon (D:11)
  2 kobold demonologists (D:11)
  Grinder (D:3)
  2 hippogriffs
  11 yaks
  3 hungry ghosts
  Edmund (D:3)
  Menkaure (D:7)
  12 soldier ants
  An acid dragon (D:10)
  3 orc warriors
  2 ice beasts
  2 sky beasts (D:11)
  6 ogres
  6 centaurs
  3 big kobolds
  4 bullfrogs
  5 scorpions
  5 killer bees
  13 wights
  A howler monkey (D:9)
  6 crimson imps
  7 hounds
  A bullfrog skeleton (D:5)
  3 orc priests
  3 quasits
  10 orc wizards
  A centaur skeleton (D:8)
  2 iguanas
  16 worker ants
  3 hound skeletons
  A worker ant zombie (D:11)
  Robin (D:3)
  9 adders
  4 gnolls (D:8)
  A shadow imp (D:5)
  2 oozes
  An adder zombie (D:8)
  A worm (D:3)
  An adder skeleton (D:10)
  A dart slug (D:4)
  7 leopard geckos
  36 orcs
  2 ball pythons
  5 bats
  A giant cockroach (D:3)
  16 goblins
  6 hobgoblins
  16 jackals
  4 quokkas
  9 frilled lizards (D:3)
  22 kobolds
  A quokka zombie (D:5)
  8 rats
  A bush (D:7)
298 creatures vanquished.

Vanquished Creatures (others)
  A bush (D:7)
  44 fulminant prisms
  A plant (D:2)
46 creatures vanquished.

Grand Total: 344 creatures vanquished

Notes
Turn   | Place    | Note
-------+----------+-------------------------------------------
     0 | D:1      | Folque the Demigod Conjurer began the quest for the Orb.
     0 | D:1      | Reached XP level 1. HP: 14/14 MP: 5/5
   153 | D:1      | Found a sparkling altar of Nemelex Xobeh.
   247 | D:1      | Reached XP level 2. HP: 21/22 MP: 1/7
   251 | D:1      | Learned a level 2 spell: Searing Ray
   909 | D:2      | Reached skill level 4 in Conjurations
   933 | D:2      | Reached skill level 1 in Fighting
   981 | D:2      | Reached XP level 3. HP: 20/28 MP: 1/9
  1053 | D:2      | Learned a level 3 spell: Dazzling Spray
  2058 | D:3      | Reached XP level 4. HP: 25/35 MP: 4/11
  2317 | D:3      | Noticed Grinder
  2327 | D:3      | Killed Grinder
  2327 | D:3      | Reached XP level 5. HP: 7/40 MP: 2/12
  2580 | D:3      | Learned a level 4 spell: Fulminant Prism
  2918 | D:4      | Reached skill level 5 in Conjurations
  2918 | D:4      | Reached XP level 6. HP: 11/47 MP: 5/13
  3127 | D:4      | Noticed Edmund
  3174 | D:3      | Killed Edmund
  3332 | D:4      | Noticed Robin
  3357 | D:4      | Found Verutust's Antique Weapon Emporium.
  3379 | D:3      | Killed Robin
  3710 | D:4      | Reached XP level 7. HP: 52/52 MP: 9/14
  3810 | D:4      | Reached skill level 5 in Hexes
  3822 | D:4      | Learned a level 2 spell: Blink
  4117 | D:5      | Entered Level 5 of the Dungeon
  4214 | D:5      | Reached skill level 1 in Armour
  4214 | D:5      | Reached skill level 6 in Conjurations
  4730 | D:5      | Found a staircase to the Ecumenical Temple.
  4737 | Temple   | Entered the Ecumenical Temple
  5121 | D:6      | Reached XP level 8. HP: 47/59 MP: 7/15
  5412 | D:7      | Noticed Menkaure
  5418 | D:7      | Killed Menkaure
  5438 | D:7      | Reached skill level 7 in Conjurations
  5452 | D:7      | Noticed a hippogriff
  5793 | D:7      | Killed a hippogriff
  6367 | D:7      | Found a sparkling altar of Nemelex Xobeh.
  6448 | D:8      | Reached skill level 8 in Conjurations
  6623 | D:7      | Reached XP level 9. HP: 62/64 MP: 2/16
  7329 | D:8      | Reached skill level 5 in Armour
  7839 | D:8      | Reached skill level 9 in Conjurations
  8085 | D:8      | Reached skill level 1 in Translocations
  8365 | D:8      | Noticed a queen ant
  8608 | D:8      | Killed a queen ant
  8608 | D:8      | Reached XP level 10. HP: 31/71 MP: 2/17
  8633 | D:8      | HP: 3/71 [poisoned by a queen ant]
  8638 | D:8      | HP: 3/71 [poisoned by a queen ant]
  8644 | D:8      | HP: 2/71 [poisoned by a queen ant]
  9866 | D:9      | Learned a level 3 spell: Conjure Flame
  9992 | D:9      | Reached skill level 10 in Conjurations
 10669 | D:10     | Entered Level 10 of the Dungeon
 11467 | D:10     | Reached skill level 1 in Evocations
 11509 | D:10     | Reached skill level 11 in Conjurations
 11525 | D:10     | Reached skill level 5 in Dodging
 12053 | D:11     | Noticed a cyan ugly thing
 12073 | D:10     | Killed a cyan ugly thing
 12073 | D:10     | Reached XP level 11. HP: 41/80 MP: 4/19
 12542 | D:11     | Found a portal to a secret trove of treasure.
 12571 | D:11     | Reached skill level 1 in Fire Magic
 12966 | D:11     | Killed an unseen horror
 12969 | D:11     | Killed from afar by a deep elf mage

Skill      XL: |  1  2  3  4  5  6  7  8  9 10 11 |
---------------+----------------------------------+-----
Spellcasting   | 2 3 |  3.0
Conjurations   | 4 5 6 8 9 11 | 11.1
Fighting       | 1 2 3 |  3.2
Hexes          | 3 4 5 6 7 |  7.0
Armour         | 1 4 6 |  6.1
Dodging        | 2 5 |  5.8
Translocations | 2 |  2.6
Evocations     | 3 4 |  4.3
Fire Magic     | 1 |  1.9
Stealth        | |  1.7

Action                   |  1- 3 |  4- 6 |  7- 9 | 10-12 || total
-------------------------+-------+-------+-------+-------++-------
Melee: Unarmed           |    16 |       |       |       ||    16
       Dagger            |    27 |       |    71 |       ||    98
       Short sword       |    34 |    35 |       |       ||    69
       Rapier            |       |    15 |    12 |       ||    27
       Great sword       |       |       |    33 |   101 ||   134
Throw: Throwing net      |       |       |     1 |       ||     1
 Cast: Magic Dart        |    26 |     8 |    35 |    16 ||    85
       Searing Ray       |     6 |    15 |    53 |    39 ||   113
       Dazzling Spray    |     5 |     2 |    17 |    12 ||    36
       Fulminant Prism   |       |       |    16 |    28 ||    44
       Blink             |       |       |     2 |     3 ||     5
       Conjure Flame     |       |       |       |     4 ||     4
Evoke: Wand              |       |       |     1 |     4 ||     5
       Crystal ball of e |       |       |       |     3 ||     3
  Use: Potion            |       |     1 |     6 |     3 ||    10
       Scroll            |       |       |    15 |     2 ||    17
 Stab: Sleeping          |     6 |     1 |     4 |       ||    11
       Distracted        |     1 |       |       |       ||     1
       Invisible         |     1 |     1 |     2 |     1 ||     5
  Eat: Chunk             |     4 |     3 |    12 |    12 ||    31
       Ration            |       |     1 |     3 |     3 ||     7
Armor: Robe              |     7 |    11 |    23 |       ||    41
       Ring mail         |       |       |    49 |    70 ||   119
Dodge: Dodged            |    61 |    53 |   164 |   175 ||   453
Block: Other             |       |       |    14 |    18 ||    32
       Reflection        |       |       |       |     2 ||     2
       Rpst.: Great sword |       |       |    17 |    37 ||    54
